 Dungeon Crawl Stone Soup version 0.22-a0-605-g9281fa2 (webtiles) character file.

140 Hebeh the Firebug (level 5, 0/28 HPs)
             Began as a Deep Elf Fire Elementalist on July 8, 2018.
             Slain by an orc wizard
             ... wielding a +0 dagger
              (3 damage)
             ... on level 3 of the Dungeon.
             The game lasted 00:15:23 (2534 turns).

Hebeh the Firebug (Deep Elf Fire Elementalist)      Turns: 2534, Time: 00:15:25

Health: 0/28       AC:  2    Str:  6    XL:     5   Next: 2%
Magic:  7/13       EV: 13    Int: 20    God:
Gold:   141        SH:  0    Dex: 15    Spells: 6/12 levels left

rFire    . . .     SeeInvis .   e - +0 short sword
rCold    . . .     Gourm    .   (no shield)
rNeg     . . .     Faith    .   a - +0 robe
rPois    .         Spirit   .   (no helmet)
rElec    .         Reflect  .   (no cloak)
rCorr    .         Harm     .   (no gloves)
MR       .....                  (no boots)
Stlth    ++........             (no amulet)
HPRegen  0.09/turn              (no ring)
MPRegen  0.13/turn              (no ring)

@: no status effects
A: no striking features
a: no special abilities


You were on level 3 of the Dungeon.
You were hungry.

You visited 1 branch of the dungeon, and saw 3 of its levels.

You collected 141 gold pieces.

Inventory:

Hand Weapons
 e - a +0 short sword (weapon)
 g - a +0 spear
 h - a +0 mace
Armour
 a - a +0 robe (worn)
Jewellery
 j - a +2 ring of dexterity {unknown}
 o - an uncursed ring of magical power {unknown}
Scrolls
 b - a scroll of magic mapping {unknown}
 f - 4 scrolls of fear {unknown}
 k - a scroll of teleportation {unknown}
 m - 2 scrolls of identify {unknown}
 r - a scroll of immolation {unknown}
 s - a scroll of amnesia {unknown}
Potions
 d - 2 potions of haste {unknown}
 i - a potion of curing {unknown}
 l - a potion of mutation {unknown}
 n - a potion of ambrosia {unknown}
 q - a potion of lignification {unknown}
Comestibles
 c - 2 rations


   Skills:
 - Level 2.4 Dodging
 + Level 3.4 Stealth
 + Level 4.0 Spellcasting
 * Level 3.1 Conjurations
 * Level 4.4 Fire Magic


You had 6 spell levels left.
You knew the following spells:

 Your Spells              Type           Power        Failure   Level  Hunger
a - Flame Tongue          Conj/Fire      ###..        2%          1    None
b - Throw Flame           Conj/Fire      ###...       4%          2    #......
c - Conjure Flame         Conj/Fire      ###.....     8%          3    ###....

Your spell library contained the following spells:

 Spells                   Type           Power        Failure   Level  Hunger
 Fireball                 Conj/Fire      ###.......   58%         5    ######.
 Sticky Flame             Conj/Fire      ###.....     26%         4    ####...
 Inner Flame              Hex/Fire       ##......     16%         3    ###....


Dungeon Overview and Level Annotations

Branches:
Dungeon (3/15)

Altars:
Sif Muna


Message History

You are too injured to fight recklessly!
You are too injured to fight recklessly!
You are too injured to fight recklessly!
You are too injured to fight recklessly!
You are too injured to fight recklessly!
You are too injured to fight recklessly!
You closely miss something. Something hits you but does no damage.
You closely miss something. Something hits you but does no damage.
You closely miss something. Something barely misses you.
You hit something but do no damage. Something hits you.
* * * LOW HITPOINT WARNING * * *
You barely miss something. Something hits you.
* * * LOW HITPOINT WARNING * * *
You closely miss something.
You hear some strange, mumbled words.
A puff of flame appears from out of thin air!
The puff of flame misses you.
You closely miss something. Something hits you but does no damage.
You closely miss something. Something hits you.
You die...

#.# #. ###'###
#. #####.....#
#. #.........#
#. #.###.....#
## #.# #.....#
#.# #.....# #.#
#.....# #@#
#######
##.####{#######
...............
##.####.#######
#.# #.# ... ###


There were no monsters in sight!

Vanquished Creatures
  A bullfrog skeleton (D:2)
  3 adders (D:2)
  4 gnolls (D:2)
  An ooze (D:2)
  A worm (D:3)
  2 leopard geckos (D:2)
  2 orcs (D:3)
  A ball python (D:1)
  2 giant cockroaches (D:2)
  2 goblins (D:2)
  4 hobgoblins
  5 kobolds
  5 bats
  8 rats (D:1)
41 creatures vanquished.

Notes
Turn   | Place    | Note
-------+----------+-------------------------------------------
     0 | D:1      | Hebeh the Deep Elf Fire Elementalist began the quest for the Orb.
     0 | D:1      | Reached XP level 1. HP: 10/10 MP: 6/6
   575 | D:1      | Reached XP level 2. HP: 15/15 MP: 6/8
  1193 | D:2      | Learned a level 2 spell: Throw Flame
  1197 | D:2      | Reached XP level 3. HP: 19/19 MP: 2/9
  1497 | D:2      | Reached XP level 4. HP: 24/24 MP: 1/11
  2196 | D:2      | Found a deep blue altar of Sif Muna.
  2332 | D:3      | Learned a level 3 spell: Conjure Flame
  2519 | D:3      | Reached XP level 5. HP: 22/28 MP: 10/13
  2534 | D:3      | Slain by an orc wizard

Vault maps used:
D:1:      dpeg_arrival_windows_large_door, minmay_rat_gold_closets
D:2:      lemuel_blue_sif_altar
D:3:      grunt_gozag_statues, chequers_temple_overflow_statue_of_worship,
          gammafunk_temple_overflow_statue, hellmonk_ghost_happy_afterlife,
          kennysheep_generic_room_6

Skill      XL: |  1  2  3  4 |
---------------+-------------+-----
Conjurations   | 2 3 |  3.1
Stealth        | 3 |  3.4
Fire Magic     | 4 |  4.4
Spellcasting   | 4 |  4.0
Dodging        | |  2.4

Action                   |  1- 3 |  4- 6 || total
-------------------------+-------+-------++-------
Melee: Short sword       |     2 |    10 ||    12
 Cast: Flame Tongue      |    34 |    17 ||    51
       Throw Flame       |     9 |    15 ||    24
       Conjure Flame     |       |     2 ||     2
  Eat: Chunk             |     2 |     3 ||     5
Armor: Robe              |     3 |     3 ||     6
Dodge: Dodged            |     6 |    12 ||    18

Table legend:
 A = Spawn XP
 B = Non-spawn XP
 C = Spawn XP percentage of total XP
 D = Spawn monster count
 E = Non-spawn monster count
 F = Spawn count percentage of total count
 G = Total turns spent on level
                    A         B        C        D         E        F      G
               +---------+---------+-------+---------+---------+-------+---------
         Total |       0 |     200 |   0.0 |       0 |      41 |   0.0 |  2534
               +---------+---------+-------+---------+---------+-------+---------
           D:1 |       0 |      16 |   0.0 |       0 |      13 |   0.0 |   961
           D:2 |       0 |     173 |   0.0 |       0 |      25 |   0.0 |  1366
           D:3 |       0 |      11 |   0.0 |       0 |       3 |   0.0 |   207
               +---------+---------+-------+---------+---------+-------+---------
